 Dungeon Crawl Stone Soup version 0.30-a0-5-g3a90980b9d (webtiles) character file.

Game seed: 9146346338242153982

47068 eken the Unseen (level 14, -2/72 HPs)
             Began as a Spriggan Enchanter on Aug 21, 2022.
             Was the Champion of Dithmenos.
             Slain by a death yak simulacrum (10 damage)
             ... on level 1 of the Lair of Beasts on Aug 22, 2022.
             The game lasted 00:58:40 (24983 turns).

eken the Unseen (Spriggan Enchanter)               Turns: 24983, Time: 00:58:41

Health: -2/72      AC:  2    Str:  8    XL:     14   Next: 7%
Magic:  22/32      EV: 32    Int: 18    God:    Dithmenos [******]
Gold:   3412       SH:  0    Dex: 21    Spells: 27/40 levels left

rFire   + . .      SeeInvis +    D - +8 dagger of Disarray {flame, Dex+6}
rCold   + + .      Faith    .    (no shield)
rNeg    . . .      Spirit   .    m - +0 robe {Will+}
rPois   .          Reflect  .    (helmet restricted)
rElec   .          Harm     .    B - scarf {rC+ rF+}
rCorr   .          Rampage  .    (gloves unavailable)
Will    +++..                    (boots unavailable) Stlth **++++++++
                                 (no amulet)
HPRegen 0.22/turn                A - ring of protection from cold
MPRegen 0.23/turn                u - +4 ring of evasion

@: confusing by touch, wreathed by umbra, very quick
A: very small, no large weapons, unfitting armour, see invisible, speed 3,
passive freeze, evolution 1
a: Renounce Religion, Shadow Step, Shadow Form


You were on level 1 of the Lair of Beasts.
You worshipped Dithmenos.
Dithmenos was exalted by your worship.
You visited 3 branches of the dungeon, and saw 17 of its levels.
You also visited: Sewer, Gauntlet and Ice Cave.

You collected 3604 gold pieces.
You spent 192 gold pieces at shops.

Inventory:

Hand Weapons
 a - a +4 dagger
 y - a +4 dagger of freezing
 D - the +8 dagger of Disarray (weapon) {flame, Dex+6}
   (You found it in a Gauntlet)

   It burns those it strikes, dealing additional fire damage.
   Dex:       It affects your dexterity (+6).
 F - the +8 lance "Wyrmbane" {slay drac, rPois rF+ rC+ AC+3}
   (You found it in a Gauntlet)

   It inflicts extra damage against dragons and draconians.
   AC:        It affects your AC (+3).
   rF:        It protects you from fire.
   rC:        It protects you from cold.
   rPois:     It protects you from poison.
Missiles
 h - 11 atropa-tipped darts (quivered)
 w - 2 curare-tipped darts
Armour
 e - a +2 cloak
 m - a +0 robe of willpower (worn)
 v - +0 ice dragon scales
 B - a scarf of resistance (worn)
Jewellery
 g - a +6 ring of strength
 k - a ring of protection from fire
 u - a +4 ring of evasion (right hand)
 z - a +6 ring of intelligence
 A - a ring of protection from cold (left hand)
 H - a ring of protection from fire
 K - a ring of fire
Wands
 q - a wand of digging (2)
 t - a wand of light (3)
 x - a wand of flame (16)
 C - a wand of mindburst (11)
 E - a wand of charming (18)
Scrolls
 b - 4 scrolls of blinking
 f - a scroll of poison
 o - 3 scrolls of teleportation
 s - 2 scrolls of enchant armour
 I - a scroll of enchant weapon
 L - 3 scrolls of amnesia
 M - 3 scrolls of identify
Potions
 c - 2 potions of invisibility
 d - 6 potions of flight
 i - 6 potions of heal wounds
 j - a potion of haste
 l - 4 potions of magic
 p - 6 potions of brilliance
 r - 7 potions of mutation
 J - 3 potions of curing
Miscellaneous
 n - a phial of floods
 G - a tin of tremorstones (1/2)


   Skills:
 + Level 7.6 Fighting
 + Level 10.0 Short Blades
 + Level 12.1 Dodging
 + Level 16.9 Stealth
 + Level 13.8 Spellcasting
 + Level 14.1 Hexes


You had 27 spell levels left.
You knew the following spells:

 Your Spells              Type           Power      Damage    Failure   Level
a - Ensorcelled Hibernat  Hex/Ice        74%        N/A       1%          2
b - Tukima's Dance        Hex            58%        N/A       1%          3
c - Dazzling Flash        Conj/Hex       74%        N/A       1%          3
d - Confusing Touch       Hex            58%        N/A       1%          3
e - Blink                 Tloc           24%        N/A       9%          2

Your spell library contained the following spells:

 Spells                   Type           Power      Damage    Failure   Level
 Apportation              Tloc           24%        N/A       5%          1
 Freeze                   Ice            48%        1d7       5%          1
 Necrotise                Necr           48%        1d6       5%          1
 Summon Small Mammal      Summ           48%        N/A       5%          1
 Silence                  Hex/Air        18%        N/A       9%          5
 Summon Mana Viper        Hex/Summ       37%        N/A       9%          5
 Gell's Gravitas          Tloc           12%        N/A       16%         3
 Teleport Other           Tloc           12%        N/A       16%         3
 Animate Dead             Necr           12%        N/A       47%         4
 Hailstorm                Conj/Ice       12%        3d5       47%         4
 Passage of Golubria      Tloc           12%        N/A       47%         4
 Summon Ice Beast         Ice/Summ       12%        N/A       47%         4
 Borgnjor's Vile Clutch   Necr/Erth      6%         N/A       83%         5
 Manifold Assault         Tloc           12%        N/A       83%         5
 Death Channel            Necr           6%         N/A       100%        6
 Dispersal                Tloc           6%         N/A       100%        6
 Monstrous Menagerie      Summ           6%         N/A       100%        7
 Ozocubu's Refrigeration  Ice            6%         4d8       100%        7
 Storm Form               Tmut/Air       6%         N/A       100%        7
 Lehudib's Crystal Spear  Conj/Erth      6%         10d3      100%        8


Dungeon Overview and Level Annotations

Branches:
Dungeon (15/15)            Temple (1/1) D:7            Lair (1/5) D:11
    Orc (0/2) D:12         Vaults (0/5) D:13          Sewer (visited)
  IceCv (visited)         Gauntlet (visited)
 Depths: D:15

Altars:
Ashenzari
Cheibriados
Dithmenos
Elyvilon
Fedhas
Gozag
Hepliaklqana
Kikubaaqudgha
Makhleb
Nemelex Xobeh
Okawaru
Qazlal
Ru
Sif Muna
Trog
Uskayaw
Vehumet
Wu Jian
Yredelemnul
Zin
The Shining One

Shops:
D:7 [=   D:10 [   D:12 *

Annotations:
D:5 3 runed translucent doors, dittoslash's ghost, amateur PaFi
D:13 3 runed translucent doors
D:15 Roxanne


Innate Abilities, Weirdness & Mutations

You are very small and have problems with some larger weapons.
You are too small for most types of armour.
You have supernaturally acute eyesight. (SInv)
You cover ground extremely quickly. (Speed+++)
A frigid envelope surrounds you and freezes all who hurt you.
You have hidden genetic potential.


Message History

Casting: Confusing Touch (safe; 1% risk of failure)
Confirm with . or Enter, or press ? or * to list all spells.
Your hands begin to glow red.
The wolf simulacrum closely misses you.
You hit the death yak simulacrum but do no damage.
The death yak simulacrum appears confused.
The death yak simulacrum is moderately damaged.
The wolf simulacrum closely misses you.
The death yak simulacrum completely misses you.
You hit the death yak simulacrum.
You melt the death yak simulacrum.
The death yak simulacrum is moderately damaged.
Your shadow hits the death yak simulacrum but does no damage.
The wolf simulacrum completely misses you.
You hit the death yak simulacrum.
You melt the death yak simulacrum.
The death yak simulacrum is heavily damaged.
Casting: Confusing Touch (safe; 1% risk of failure)
Confirm with . or Enter, or press ? or * to list all spells.
Your hands begin to glow red.
The wolf simulacrum bites you. The wolf simulacrum freezes you. You resist.
The wolf simulacrum completely resists.
The wolf simulacrum bites you. The wolf simulacrum freezes you. You resist.
The wolf simulacrum completely resists.
Unknown command.
You hit the wolf simulacrum but do no damage.
The wolf simulacrum appears confused.
Your shadow hits the wolf simulacrum with a dagger.
You catch the helpless wolf simulacrum completely off-guard!
You spit the wolf simulacrum like a pig!!!
You melt the wolf simulacrum.
The wolf simulacrum vaporises!
Dithmenos accepts your kill.
You completely miss the death yak simulacrum.
The death yak simulacrum gores you! The death yak simulacrum freezes you!
You resist.
The death yak simulacrum completely resists.
Casting: Confusing Touch (safe; 1% risk of failure)
Confirm with . or Enter, or press ? or * to list all spells.
Your hands begin to glow red.
The death yak simulacrum gores you!!
* * * LOW HITPOINT WARNING * * *
The death yak simulacrum freezes you! You resist.
You die...

.# ##.#........P......### .
##.#.#÷#.#.#....#.# ###..
##...÷.......##### ##....~
#.#.#.#.#.#..#### #......
##...........#..###..#.#
..#.#.#.#.#...........#
......................# .
#....#.#.#.#°#Z.......$.####..
#####........@##..##..........
#.#.#.#.###.ZP##.........
###.#####...#.......... .
#....#..........## .
##...Z..........#
#..............#
#####P#P..###### #######


You could see a death yak simulacrum.

Vanquished Creatures
  Rupert (D:13)
  A reaper (IceCv)
  Nessos (D:13)
  A minotaur (Gauntlet)
  3 boulder beetles
  An ogre mage (D:15)
  A hydra (Lair:1)
  3 death yaks (D:11)
  5 two-headed ogres
  4 centaur warriors
  An alligator (shapeshifter) (D:13)
  Urug (D:13)
  A tengu warrior (D:10)
  2 skeletal warriors (D:14)
  2 ugly things
  2 cyclopes
  A manticore (D:11)
  An elephant (Lair:1)
  5 gargoyles
  5 cane toads (Lair:1)
  3 unseen horrors
  An ice statue (IceCv)
  2 komodo dragons (D:11)
  A tengu conjurer (D:10)
  A freezing wraith (IceCv)
  An efreet (D:14)
  4 trolls
  3 meliai (D:13)
  Prince Ribbit (D:8)
  A merfolk (D:11)
  Grinder (Sewer)
  A hornet (D:10)
  11 slime creatures
  A dancing weapon (D:14)
  3 shadows
  2 vampires
  2 wraiths
  4 wyverns
  18 yaks
  2 basilisks
  16 humans (D:13)
  A steam dragon (D:7)
  13 vampire mosquitoes
  2 death yak simulacra (IceCv)
  2 harpy simulacra (IceCv)
  4 acid dragons
  A hydra simulacrum (IceCv)
  2 water moccasins
  5 black bears
  5 orc warriors
  3 ogres
  A sky beast (D:8)
  9 centaurs
  4 wolves (Lair:1)
  5 kobold brigands
  A phantom (D:5)
  5 bullfrogs
  4 earth elementals
  2 necrophages
  2 gnoll sergeants (D:10)
  4 scorpions
  8 two-headed ogre simulacra (IceCv)
  5 wights
  17 killer bees
  9 howler monkeys
  6 electric eels (D:10)
  2 quasits (Sewer)
  2 centaur zombies (D:8)
  2 hounds
  2 jellies (D:7)
  3 orc priests
  4 iguanas
  Terence (D:3)
  5 orc wizards
  A hell rat (D:11)
  3 polar bear simulacra (IceCv)
  5 troll simulacra (IceCv)
  6 spriggan simulacra (IceCv)
  4 wolf simulacra
  A killer bee zombie (D:8)
  2 howler monkey zombies (D:8)
  5 gnolls
  6 adders
  6 naga simulacra (IceCv)
  A river rat (D:11)
  6 shadow imps
  7 white imps
  9 ufetubi
  5 worms
  3 dart slugs
  33 orcs
  13 ball pythons
  8 endoplasms
  7 giant cockroaches
  12 goblins
  5 hobgoblins
  6 jackals
  4 quokkas
  6 bats
  4 frilled lizards
  28 kobolds
  5 rats
463 creatures vanquished.

Vanquished Creatures (collateral kills)
  2 two-headed ogres (D:15)
  Sigmund (D:2)
  A kobold brigand (D:9)
  5 wights
  A gnoll bouda (D:7)
  A hound (D:6)
  An orc priest (D:10)
  2 orc wizards
  3 gnolls (D:7)
  17 orcs
  3 kobolds
37 creatures vanquished.

Vanquished Creatures (others)
  16 dancing weapons
  An endoplasm (Sewer)
  A kobold zombie (Sewer)
  3 fungi (Lair:1)
  A plant (Lair:1)
  7 withered plants (D:8)
29 creatures vanquished.

Grand Total: 529 creatures vanquished

Notes
Turn   | Place    | Note
-------+----------+-------------------------------------------
     0 | D:1      | eken the Spriggan Enchanter began the quest for the Orb.
     0 | D:1      | Reached XP level 1. HP: 9/9 MP: 5/5
   542 | D:1      | Reached XP level 2. HP: 13/13 MP: 7/7
   545 | D:1      | Learned a level 2 spell: Ensorcelled Hibernation
  1247 | D:2      | Reached XP level 3. HP: 10/16 MP: 9/9
  1251 | D:2      | Learned a level 3 spell: Tukima's Dance
  1255 | D:2      | Learned a level 3 spell: Confusing Touch
  1866 | D:2      | Noticed Sigmund
  1879 | D:2      | Killed Sigmund
  1880 | D:2      | Reached skill level 5 in Spellcasting
  1880 | D:2      | Reached skill level 5 in Hexes
  1880 | D:2      | Reached XP level 4. HP: 5/21 MP: 1/12
  1880 | D:2      | Reached XP level 5. HP: 6/24 MP: 1/13
  2556 | D:3      | Found a faded altar of an unknown god.
  2785 | D:3      | Noticed Terence
  2826 | D:3      | Killed Terence
  2827 | D:3      | Reached XP level 6. HP: 10/28 MP: 2/15
  3163 | D:3      | Found a snail-covered altar of Cheibriados.
  3234 | D:3      | Reached skill level 5 in Stealth
  3417 | D:3      | Found a bloodstained altar of Trog.
  4208 | D:4      | Found a glowing drain.
  4236 | Sewer    | Entered a sewer
  4930 | Sewer    | Reached skill level 6 in Stealth
  5060 | Sewer    | Reached XP level 7. HP: 17/32 MP: 14/17
  5065 | Sewer    | Found a burning altar of Makhleb.
  5066 | Sewer    | Noticed Grinder
  5080 | Sewer    | Killed Grinder
  5116 | Sewer    | Reached skill level 7 in Stealth
  6165 | D:4      | Found a hide-covered altar of Uskayaw.
  6634 | D:5      | Entered Level 5 of the Dungeon
  6656 | D:5      | Reached skill level 8 in Stealth
  6656 | D:5      | Reached XP level 8. HP: 36/36 MP: 17/20
  7302 | D:5      | Found a runed translucent gate.
  7302 | D:5      | Found a runed translucent gate.
  7303 | D:5      | Found a runed translucent gate.
  7303 | D:5      | Noticed dittoslash's ghost (amateur PaFi)
  7303 | D:5      | Identified the +7 dagger of Impish True Grit {freeze, *Slow
                  | rPois MP+9 Int+4}
  7303 | D:5      | Identified the +5 ring mail of the Known World {rPois Str+4
                  | Int+5}
  7402 | D:5      | Learned a level 3 spell: Dazzling Flash
  7405 | D:5      | Learned a level 2 spell: Blink
  7795 | D:6      | Found a shimmering blue altar of Sif Muna.
  7848 | D:6      | Reached skill level 9 in Stealth
  8134 | D:6      | Found a sacrificial altar of Ru.
  8800 | D:7      | Found Jemiotam's Jewellery Boutique.
  8904 | D:7      | Reached skill level 10 in Stealth
  9305 | D:7      | Found a staircase to the Ecumenical Temple.
  9316 | D:7      | Reached XP level 9. HP: 39/39 MP: 21/23
  9320 | Temple   | Entered the Ecumenical Temple
  9330 | Temple   | Became a worshipper of Dithmenos the Shadowed
  9378 | D:7      | Found Jaim's Antique Armour Boutique.
  9662 | D:7      | Found an iron altar of Okawaru.
  9731 | D:7      | Found a burning altar of Makhleb.
  9733 | D:7      | Found an ancient bone altar of Kikubaaqudgha.
  9736 | D:7      | Found a broken altar of Ashenzari.
  9737 | D:7      | Found a glowing golden altar of the Shining One.
  9761 | D:7      | Found a stormy altar of Qazlal.
 10116 | D:8      | Reached skill level 1 in Fighting
 10128 | D:8      | HP: 1/41 [killer bee (8)]
 10416 | D:8      | Noticed a gargoyle
 10702 | D:8      | Killed a gargoyle
 10703 | D:8      | Reached skill level 11 in Stealth
 10805 | D:8      | Noticed Prince Ribbit
 10822 | D:8      | Reached skill level 10 in Hexes
 10833 | D:8      | Killed Prince Ribbit
 10915 | D:8      | Found a white marble altar of Elyvilon.
 11034 | D:8      | Reached skill level 5 in Dodging
 11113 | D:8      | Reached XP level 10. HP: 23/47 MP: 17/24
 11124 | D:8      | Reached * piety under Dithmenos
 11136 | D:8      | Reached skill level 10 in Spellcasting
 11351 | D:8      | Reached skill level 12 in Stealth
 12775 | D:9      | Reached skill level 5 in Short Blades
 12786 | D:9      | Reached ** piety under Dithmenos
 12917 | D:9      | Found a glowing silver altar of Zin.
 13024 | D:10     | Entered Level 10 of the Dungeon
 13544 | D:10     | Noticed a two-headed ogre
 13630 | D:10     | Killed a two-headed ogre
 13631 | D:10     | Reached XP level 11. HP: 32/53 MP: 2/26
 13870 | D:10     | Identified a scroll of acquirement
 13870 | D:10     | Acquired 1087 gold pieces
 13987 | D:10     | Noticed a centaur warrior
 13997 | D:10     | Reached skill level 13 in Stealth
 14005 | D:10     | Noticed a tengu warrior
 14005 | D:10     | Noticed a purple ugly thing
 14013 | D:10     | Killed a tengu warrior
 14341 | D:10     | Killed a centaur warrior
 14682 | D:10     | Killed a purple ugly thing
 15087 | D:10     | Reached *** piety under Dithmenos
 15127 | D:10     | Noticed a two-headed ogre
 15145 | D:10     | Killed a two-headed ogre
 15146 | D:10     | Reached skill level 5 in Fighting
 15148 | D:10     | Noticed a boulder beetle
 15171 | D:10     | Killed a boulder beetle
 15328 | D:10     | Found a radiant altar of Vehumet.
 15455 | D:10     | Found Lifeal's Armour Emporium.
 15678 | D:11     | Reached skill level 14 in Stealth
 16127 | D:11     | Reached XP level 12. HP: 60/60 MP: 28/28
 16174 | D:11     | Noticed a death yak
 16179 | D:11     | Noticed a death yak
 16222 | D:11     | Killed a death yak
 16336 | D:11     | Noticed a death yak
 16363 | D:11     | Killed a death yak
 16367 | D:11     | Killed a death yak
 16536 | D:11     | Noticed a boulder beetle
 16550 | D:11     | Killed a boulder beetle
 16636 | D:11     | Found a staircase to the Lair.
 16760 | D:11     | Gained mutation: Your magical capacity is low. (-10% MP)
                  | [potion of mutation]
 16761 | D:11     | Lost mutation: Your magical capacity is low. (-10% MP)
                  | [potion of mutation]
 16761 | D:11     | Gained mutation: You have hidden genetic potential. [potion
                  | of mutation]
 16843 | D:12     | Found Luasugus's General Store.
 16849 | D:12     | Bought a potion of magic for 96 gold pieces
 16849 | D:12     | Bought a potion of invisibility for 96 gold pieces
 16864 | D:12     | Noticed a two-headed ogre
 16876 | D:12     | Found a gate leading to a gauntlet.
 16885 | Gauntlet | Entered a Gauntlet
 16885 | Gauntlet | Noticed a death scarab
 16885 | Gauntlet | Found a transporter.
 16885 | Gauntlet | Found a transporter.
 16885 | Gauntlet | Found a transporter.
 16889 | Gauntlet | Found a transporter.
 16889 | Gauntlet | Found a transporter.
 16889 | Gauntlet | Found a transporter.
 16899 | Gauntlet | Found a transporter.
 16903 | Gauntlet | Found a transporter.
 16912 | Gauntlet | Noticed a death yak
 16913 | Gauntlet | Found a transporter.
 16913 | Gauntlet | Noticed a death yak
 16913 | Gauntlet | Noticed a death yak
 16914 | Gauntlet | Noticed a death yak
 16920 | Gauntlet | Found a transporter.
 16937 | Gauntlet | Found a transporter.
 16941 | Gauntlet | Found a transporter.
 17007 | Gauntlet | Noticed a catoblepas
 17237 | Gauntlet | Found the +8 lance "Wyrmbane" {slay drac, rPois rF+ rC+
                  | AC+3}
 17237 | Gauntlet | Identified the +8 dagger of Disarray {flame, Dex+6}
 17237 | Gauntlet | Noticed a minotaur
 17270 | Gauntlet | Killed a minotaur
 17466 | D:12     | Killed a two-headed ogre
 17493 | D:12     | Reached **** piety under Dithmenos
 17632 | D:12     | Noticed a centaur warrior
 17643 | D:12     | Killed a centaur warrior
 17821 | D:12     | Reached skill level 15 in Stealth
 17850 | D:12     | Reached skill level 10 in Dodging
 19103 | D:12     | Found a staircase to the Orcish Mines.
 19252 | D:12     | Found a blossoming altar of Fedhas.
 19359 | D:13     | Acquired 1038 gold pieces
 19406 | D:13     | Noticed Rupert
 19406 | D:13     | Noticed Urug
 19406 | D:13     | Noticed a centaur warrior
 19406 | D:13     | Noticed Nessos
 19406 | D:13     | Noticed a centaur warrior
 19406 | D:13     | Found a gate to the Vaults.
 19664 | D:13     | Killed a centaur warrior
 19795 | D:13     | Killed Rupert
 19796 | D:13     | Reached XP level 13. HP: 36/65 MP: 23/30
 19798 | D:13     | Reached ***** piety under Dithmenos
 20030 | D:13     | Killed Nessos
 20034 | D:13     | Gained mutation: A frigid envelope surrounds you and
                  | freezes all who hurt you. [hidden potential]
 20048 | D:13     | Killed Urug
 20521 | D:13     | Found a runed translucent gate.
 20521 | D:13     | Found a runed translucent gate.
 20521 | D:13     | Found a runed translucent gate.
 21231 | D:13     | Reached skill level 16 in Stealth
 21248 | D:13     | You fall into a shaft and drop 2 floors!
 21248 | D:15     | Entered Level 15 of the Dungeon
 21303 | D:15     | Identified Roxanne's Compilation of Changing
 21303 | D:15     | Noticed Roxanne
 21582 | D:14     | Found a glowing golden altar of the Shining One.
 22348 | D:14     | Identified the +1 scale mail "Afozaveo" {Rampage}
 22947 | Lair:1   | Entered Level 1 of the Lair of Beasts
 22958 | Lair:1   | Upgraded the game from 0.30-a0-4-ga7cffc901d to
                  | 0.30-a0-5-g3a90980b9d
 23493 | Lair:1   | Found a frozen archway.
 23515 | IceCv    | Entered an ice cave
 23896 | IceCv    | Reached XP level 14. HP: 72/72 MP: 32/32
 23900 | IceCv    | Identified the +0 pair of gloves of Guquqaan {Dex+2}
 23922 | IceCv    | Noticed a reaper
 23926 | IceCv    | Reached skill level 10 in Short Blades
 23926 | IceCv    | Killed a reaper
 24045 | IceCv    | Got the Parchment of Frostbite
 24119 | IceCv    | Reached ****** piety under Dithmenos
 24983 | Lair:1   | Slain by a death yak simulacrum

Illustrated notes

Levels and vault maps discovered:
D:1:      ncdulo_smallfort, layout_loops_ring
D:2:      layout_rooms, serial_curves, eino_curves_02, eino_curves_04,
          uniq_sigmund
D:3:      layout_loops_ring, marbit_many_paths, lightli_temple_of_fire,
          basic_ecumenical_altar, st_stairs_9, solitary_fountain,
          minmay_shallow_snake_nest, uniq_terence
D:4:      layout_basic, general_overflow_altar, cheibrodos_sewer_entry_drain,
          grunt_ministairs_15
D:5:      layout_basic, serial_rivers, chequers_serial_rivers_large_a,
          chequers_serial_rivers_micro_b, chequers_serial_rivers_micro_d,
          chequers_serial_rivers_micro_b, chequers_serial_rivers_large_b,
          chequers_serial_rivers_micro_d, biasface_ghost_orc_armoury
D:6:      layout_loops_ring, lemuel_crystal_altar, overflow_temple_1_default
D:7:      layout_cave_pods, mainiacjoe_overflow_alcove_2, minitemple,
          minmay_temple_entry_stoned_glass, serial_shops, shop, shop_statue,
          st_stairs_13
D:8:      layout_rooms, elyvilon_altar_1, serial_undead, serial_undead_b,
          serial_undead_c, serial_undead_c, serial_undead_b, uniq_prince_ribbit1
D:9:      layout_rooms, zin_scriptorium
D:10:     minmay_quarter_circles, layout_basic, vehumet_altar_wand_db,
          serial_shops, nicolae_stop_n_shop_2
D:11:     layout_roguey, dpeg_lair_monsters, hangedman_fish_farm
D:12:     layout_gridville, hiddenorc1_lemuel, gauntlet_entry_generic,
          serial_shops, nicolae_shop_hallway_stairs, fedhas_altar_4
D:13:     minmay_stone_box, layout_loops_corners, david_vaults_3,
          ploomutoo_gammafunk_ghost_potion_laboratory
D:14:     layout_loops_cross, infiniplex_staircase_diamond,
          nicolae_tso_carved_into_rock
D:15:     grunt_enter_depths_hoard, layout_loops_ring, uniq_roxanne
Temple:   nicolae_temple_two_arcs
Lair:1:   layout_concentric_octagons, portal_ice_cave_entry_ice_simulacra,
          st_stairs_9, beast_lair_carwin_4, lemuel_fruit_tree,
          grunt_megastairs_4, infiniplex_staircase_pool, uniq_urug

Skill      XL: |  1  2  3  4  5  6  7  8  9 10 11 12 13 14 |
---------------+-------------------------------------------+-----
Spellcasting   | 3 5 6 7 9 10 11 12 13 | 13.8
Hexes          | 4 5 6 7 9 10 11 12 13 14 | 14.1
Stealth        | 6 8 10 11 12 14 15 16 | 16.9
Dodging        | 5 7 8 10 12 | 12.1
Fighting       | 2 4 5 6 7 |  7.6
Short Blades   | 3 5 7 8 9 10 | 10.0

Action                   |  1- 3 |  4- 6 |  7- 9 | 10-12 | 13-15 || total
-------------------------+-------+-------+-------+-------+-------++-------
Melee: Dagger            |   100 |   221 |   328 |   477 |   288 ||  1414
       Punch             |     1 |     1 |     2 |     6 |     2 ||    12
Throw: Dart              |       |     2 |       |       |       ||     2
 Cast: Tukima's Dance    |     2 |     6 |    18 |    54 |    14 ||    94
       Confusing Touch   |     1 |     6 |    12 |    16 |    23 ||    58
       Ensorcelled Hiber |       |    12 |    51 |   129 |    42 ||   234
       Dazzling Flash    |       |       |       |     6 |       ||     6
Evoke: Wand              |       |       |       |    19 |     6 ||    25
       Tin of tremorston |       |       |       |     2 |     1 ||     3
  Use: Scroll            |     7 |     3 |     9 |     9 |     6 ||    34
       Potion            |       |     4 |     2 |    10 |     1 ||    17
 Stab: Sleeping          |    11 |    17 |    36 |    88 |    69 ||   221
       Invisible         |       |     5 |     5 |    11 |     1 ||    22
       Confused          |       |     2 |    10 |    14 |    15 ||    41
       Distracted        |       |     1 |     1 |     1 |     1 ||     4
Armor: Robe              |    13 |    34 |    49 |    26 |     7 ||   129
Dodge: Dodged            |    72 |   227 |   339 |   580 |   174 ||  1392

Table legend: (Time is in decaauts)
 A = Elapsed time spent in this place.
 B = Non-inter-level travel time spent in this place.
 C = Inter-level travel time spent in this place.
 D = Time resting spent in this place.
 E = Time spent auto-exploring this place.
 F = Levels seen in this place.
 G = Mean time per level.
                   A        B        C        D        E       F      G
               +--------+--------+--------+--------+--------+-----+--------+
         Total |  19957 |  19542 |    415 |   3782 |  12048 |  20 |  997.8 |
       Dungeon |  16638 |  16228 |    410 |   2314 |  10889 |  15 | 1109.2 |
        Temple |     12 |      7 |      5 |      0 |      0 |   1 |   12.0 |
          Lair |    432 |    432 |      0 |      0 |    287 |   1 |  432.0 |
         Sewer |   1187 |   1187 |      0 |    538 |    429 |   1 | 1187.0 |
      Ice Cave |   1263 |   1263 |      0 |    726 |    350 |   1 | 1263.0 |
      Gauntlet |    423 |    423 |      0 |    203 |     91 |   1 |  423.0 |
               +--------+--------+--------+--------+--------+-----+--------+

Top non-repeatable levels by time:
    D:10: 1925 daAuts
    D:12: 1766 daAuts
     D:8: 1561 daAuts
    D:13: 1490 daAuts
     D:3: 1275 daAuts
   IceCv: 1263 daAuts
   Sewer: 1187 daAuts
     D:2: 1100 daAuts
     D:7: 1062 daAuts
    D:11: 996 daAuts
     D:1: 984 daAuts
     D:5: 887 daAuts
     D:9: 880 daAuts
     D:6: 878 daAuts
     D:4: 846 daAuts
